 Dungeon Crawl Stone Soup version 0.31-a0-162-gc4c5a43528 (webtiles) character file.

Game seed: 2533176757089030578

11431 qw the Skirmisher (level 11, -15/106 HPs)
             Began as a Naga Hunter on June 12, 2023.
             Was a Priest of Okawaru.
             Demolished by a death yak (23 damage)
             ... on level 1 of the Lair of Beasts.
             The game lasted 00:03:53 (9460 turns).

qw the Skirmisher (Naga Hunter)                     Turns: 9460, Time: 00:03:54

Health: -15/106    AC: 13    Str: 14    XL:     11   Next: 77%
Magic:  13/14      EV: 15    Int: 10    God:    Okawaru [***...]
Gold:   502        SH:  0    Dex: 18    Spells: 10/10 levels left

rFire   . . .        Y - +1 orcbow (freeze)
rCold   + . .        (shield currently unavailable)
rNeg    . . .        c - +0 leather armour {Will+}
rPois   +            (no helmet)
rElec   .            l - +0 cloak
rCorr   .            d - +1 pair of gloves
SInv    +            (no barding)
Will    ++...        (no amulet)
Stlth   +++          e - +4 ring of protection
HPRegen 0.37/turn    f - ring of protection from cold
MPRegen 0.14/turn

%: no passive effects
@: short of breath, heroic, very slow
A: AC +3, large, see invisible, deformed body, poison resistance, slowness 2,
spit poison 1, naga tail 1
a: Spit Poison, Renounce Religion, Heroism


You were on level 1 of the Lair of Beasts.
You worshipped Okawaru.
Okawaru was most pleased with you.
You visited 2 branches of the dungeon, and saw 10 of its levels.

You collected 651 gold pieces.
You spent 149 gold pieces at shops.


Innate Abilities, Weirdness & Mutations

Your serpentine skin is tough. (AC +3)
You have supernaturally acute eyesight. (SInv)
Armour fits poorly on your strangely shaped body.
Your system is resistant to poisons. (rPois)
You cover ground very slowly.
You can spit poison.
You have a snake-like lower body.


   Skills:
 - Level 9.0(14.0) Fighting
 + Level 13.1(18.1) Ranged Weapons
 - Level 2.1(7.1) Armour
 - Level 5.4(10.4) Dodging
 - Level 1.5(6.5) Stealth
 - Level 5.2 Invocations


You had 10 spell levels left.
You didn't know any spells.
Your spell library was empty.

Inventory:

Hand Weapons
 Y - a +1 orcbow of freezing (weapon)
Armour
 c - a +0 leather armour of willpower (worn)
 d - a +1 pair of gloves (worn)
 i - +0 steam dragon scales
 l - a +0 cloak (worn)
Jewellery
 e - a +4 ring of protection (left hand)
 f - a ring of protection from cold (right hand)
Scrolls
 a - 4 scrolls of identify
Potions
 b - 3 potions of curing
 j - a potion of might

Dungeon Overview and Level Annotations

Branches:
Dungeon (8/15)             Temple (0/1) D:5            Lair (2/5) D:8
  Swamp: Lair:2-3    Shoals: Lair:2-3     Snake: Lair:2-3    Spider: Lair:2-3

Altars:
Cheibriados
Dithmenos
Elyvilon
Fedhas
Gozag
Kikubaaqudgha
Nemelex Xobeh
Okawaru
Ru
Sif Muna
Wu Jian
Yredelemnul

Shops:
D:1 =   D:7 (

Annotations:
D:6 2 transporters, qw's ghost, novice GrFi
D:7 1 runed translucent door
D:8 1 runed translucent door
Lair:1 1 runed translucent door


Message History

Enter note:
Enter note:
Enter note:
Enter note:
Enter note:
Enter note:
Enter note:
Enter note:
Enter note:
Enter note:
Enter note:
Enter note:
Enter note:
Enter note:
Enter note:
Enter note:
Enter note:
9457 ||| INVOKING Spit Poison.
Aiming: Spit Poison (1% risk of failure)
Press: ? - help, Shift-Dir - straight line, f - death yak The splash of poison hits the death yak.
The death yak is poisoned.
The death yak is heavily wounded.
The cane toad stings you! The death yak closely misses you.
The death yak gores you but does no damage.
You shoot an arrow.
The arrow hits the death yak but does no damage.
The death yak is heavily wounded.
The cane toad stings you!
You shoot an arrow. The arrow hits the death yak!
The arrow freezes the death yak.
The death yak is severely wounded.
The death yak barely misses you.
The death yak gores you but does no damage.
The cane toad stings you!
You shoot an arrow.
The arrow hits the death yak but does no damage.
The death yak is severely wounded.
The death yak gores you!!
You die...

......##.##.### ##........###....
......#####...# #..........##..##
.##.#..# ##.## ##.............##
#####.)# #..###..####.........# #
#..# #..##...## #......##.. ##
#..## ##......#.####....####. .##
#P..###..###.............# ## ..#
##.......# #FY..........#####
..###.......## #@Y.)####.....##..
......##....# ##...####.........#
......###..## #..................
..#...##.#..###.................#
.####...........###...........#<.
## #.........###*###..#.....##..
# #.#####..## *,*##.....###..#
### #### *** #.....###.## #
#.....##..P#


You could see 2 death yaks and a cane toad.

Vanquished Creatures
  4 death yaks
  2 cane toads (Lair:1)
  2 torpor snails (Lair:1)
  Maggie (D:6)
  A komodo dragon (Lair:1)
  Grinder (D:3)
  A polar bear (Lair:1)
  Prince Ribbit (D:5)
  3 blink frogs (Lair:1)
  A wyvern (Lair:1)
  11 yaks (Lair:1)
  2 wargs (D:8)
  4 water moccasins
  2 ice beasts
  2 sky beasts (D:7)
  An orc warrior (D:8)
  3 black bears
  An ogre (D:7)
  3 centaurs (D:8)
  5 wolves
  3 phantoms
  8 bullfrogs
  2 scorpions
  4 wights (D:8)
  6 killer bees (D:8)
  A howler monkey (D:4)
  2 jellies
  5 orc priests
  2 gnoll boudas
  5 hounds
  A human zombie (D:7)
  An iron imp (D:8)
  4 iguanas
  4 sleepcaps
  6 orc wizards
  10 gnolls
  6 adders
  3 shadow imps
  4 white imps
  An ufetubus (D:5)
  A worm (D:4)
  A dart slug (D:3)
  34 orcs
  11 endoplasms
  4 giant cockroaches
  7 hobgoblins
  6 quokkas
  6 ball pythons
  2 bats (D:1)
  7 goblins
  A jackal zombie (D:7)
  7 kobolds
  2 rats
  3 rat zombies (D:7)
221 creatures vanquished.

Notes
Turn   | Place    | Note
-------+----------+-------------------------------------------
     0 | D:1      | qw the Naga Hunter began the quest for the Orb.
     0 | D:1      | Reached XP level 1. HP: 19/19 MP: 1/1
     0 | D:1      | 0 ||| qw: Version: 0.2-a-29-gc1b59c4
     0 | D:1      | 0 ||| qw: Game counter: 4349
     0 | D:1      | 0 ||| qw: Always use a shield: true
     0 | D:1      | 0 ||| qw: God list: Okawaru
     0 | D:1      | 0 ||| qw: Allow faded altars: false
     0 | D:1      | 0 ||| qw: Do Orc after D:15 true
     0 | D:1      | 0 ||| qw: Do second Lair branch before Depths: true
     0 | D:1      | 0 ||| qw: Lair rune preference: random
     0 | D:1      | 0 ||| qw: Plans: Normal
     0 | D:1      | 0 ||| PLANNING D:1-11
   146 | D:1      | 146 ||| INVOKING Spit Poison.
   165 | D:1      | 165 ||| INVOKING Spit Poison.
   170 | D:1      | Found Ewuo's Jewellery Shoppe.
   180 | D:1      | 180 ||| SHOPLISTING +4 ring of protection (468 gold, have
                  | 18).
   180 | D:1      | 180 ||| SHOPLISTING amulet of regeneration (390 gold, have
                  | 18).
   180 | D:1      | 180 ||| SHOPLISTING ring "Wystesab" {rF+ Int+6} (579 gold,
                  | have 18).
   180 | D:1      | 180 ||| SHOPLISTING ring of Efoet {rPois Dex+6} (613 gold,
                  | have 18).
   287 | D:1      | 287 ||| INVOKING Spit Poison.
   296 | D:1      | Reached skill level 4 in Ranged Weapons
   296 | D:1      | Reached XP level 2. HP: 26/26 MP: 2/2
   376 | D:1      | 376 ||| INVOKING Spit Poison.
   382 | D:1      | 382 ||| INVOKING Spit Poison.
   421 | D:1      | 421 ||| INVOKING Spit Poison.
   558 | D:1      | 558 ||| INVOKING Spit Poison.
   570 | D:1      | 570 ||| INVOKING Spit Poison.
   611 | D:1      | 611 ||| UPGRADING to +0 pair of gloves.
   616 | D:1      | 616 ||| READING 2 scrolls labelled QIXINT VIQOSU.
   617 | D:1      | 617 ||| READING scroll labelled MASIURPHIESO.
   618 | D:1      | 618 ||| READING scroll labelled YHIYCA QO FATA.
   619 | D:1      | 619 ||| DROPPING scroll of butterflies.
   723 | D:2      | 723 ||| INVOKING Spit Poison.
   727 | D:2      | 727 ||| INVOKING Spit Poison.
   763 | D:2      | Reached XP level 3. HP: 32/32 MP: 3/3
   985 | D:2      | 985 ||| INVOKING Spit Poison.
   990 | D:2      | 990 ||| INVOKING Spit Poison.
  1047 | D:2      | 1047 ||| INVOKING Spit Poison.
  1130 | D:2      | 1130 ||| UPGRADING to +4 ring of protection.
  1131 | D:2      | 1131 ||| READING scroll labelled OHANGE TEKA AJI.
  1136 | D:2      | 1136 ||| READING scroll labelled BIUTEE DYMEI.
  1137 | D:2      | 1137 ||| DRINKING 2 fizzy dark potions.
  1176 | D:3      | Found an opulent altar of Gozag.
  1179 | D:3      | 1179 ||| INVOKING Spit Poison.
  1200 | D:3      | 1200 ||| INVOKING Spit Poison.
  1251 | D:3      | 1251 ||| INVOKING Spit Poison.
  1313 | D:3      | 1313 ||| INVOKING Spit Poison.
  1348 | D:3      | 1348 ||| INVOKING Spit Poison.
  1399 | D:3      | Noticed Grinder
  1408 | D:3      | Paralysed by Grinder for 4 turns
  1421 | D:3      | Paralysed by Grinder for 5 turns
  1432 | D:3      | Paralysed by Grinder for 4 turns
  1437 | D:3      | Killed Grinder
  1438 | D:3      | Reached skill level 6 in Ranged Weapons
  1438 | D:3      | Reached XP level 4. HP: 21/39 MP: 4/4
  1438 | D:3      | Reached XP level 5. HP: 24/45 MP: 5/5
  1438 | D:3      | Reached XP level 6. HP: 28/52 MP: 6/6
  1562 | D:3      | Found a shadowy altar of Dithmenos.
  1611 | D:3      | 1611 ||| INVOKING Spit Poison.
  1699 | D:3      | 1699 ||| Stepping ~*~*~tactically~*~*~ (outnumbered).
  1700 | D:3      | 1700 ||| Stepping ~*~*~tactically~*~*~ (outnumbered).
  1701 | D:3      | 1701 ||| INVOKING Spit Poison.
  1707 | D:3      | 1707 ||| INVOKING Spit Poison.
  1713 | D:3      | 1713 ||| INVOKING Spit Poison.
  1716 | D:3      | 1716 ||| INVOKING Spit Poison.
  1718 | D:3      | Found an iron altar of Okawaru.
  1719 | D:3      | 1719 ||| PLANNING OKAWARU WORSHIP
  1721 | D:3      | 1721 ||| READING scroll labelled ZEB XASOSEAPNA.
  1722 | D:3      | 1722 ||| READING scroll labelled YKUKEN OCVOTUWN.
  1723 | D:3      | 1723 ||| READING scroll labelled ACAWUF HOTI.
  1724 | D:3      | 1724 ||| READING 3 scrolls of identify.
  1724 | D:3      | 1724 ||| IDENTIFYING lumpy grey potion
  1725 | D:3      | 1725 ||| DROPPING potion of lignification.
  1733 | D:3      | Became a worshipper of Warmaster Okawaru
  1733 | D:3      | 1733 ||| PLANNING D:1-11
  1855 | D:3      | 1855 ||| INVOKING Spit Poison.
  1866 | D:3      | Found an ornate altar of the Wu Jian Council.
  1918 | D:4      | 1918 ||| INVOKING Spit Poison.
  1922 | D:4      | 1922 ||| INVOKING Spit Poison.
  1924 | D:4      | 1924 ||| STAIRDANCE
  1929 | D:3      | Reached skill level 3 in Fighting
  1929 | D:3      | 1929 ||| INVOKING Spit Poison.
  2012 | D:4      | 2012 ||| INVOKING Spit Poison.
  2022 | D:4      | 2022 ||| INVOKING Spit Poison.
  2029 | D:4      | 2029 ||| INVOKING Spit Poison.
  2033 | D:4      | 2033 ||| INVOKING Spit Poison.
  2059 | D:4      | 2059 ||| INVOKING Spit Poison.
  2109 | D:4      | 2109 ||| INVOKING Spit Poison.
  2118 | D:4      | 2118 ||| INVOKING Spit Poison.
  2125 | D:4      | 2125 ||| INVOKING Spit Poison.
  2129 | D:4      | 2129 ||| INVOKING Spit Poison.
  2333 | D:4      | 2333 ||| INVOKING Spit Poison.
  2339 | D:4      | 2339 ||| INVOKING Spit Poison.
  2342 | D:4      | 2342 ||| INVOKING Spit Poison.
  2348 | D:4      | 2348 ||| INVOKING Spit Poison.
  2351 | D:4      | 2351 ||| INVOKING Spit Poison.
  2354 | D:4      | 2354 ||| INVOKING Spit Poison.
  2357 | D:4      | Reached XP level 7. HP: 52/64 MP: 7/7
  2416 | D:4      | 2416 ||| INVOKING Spit Poison.
  2422 | D:4      | 2422 ||| INVOKING Spit Poison.
  2425 | D:4      | 2425 ||| INVOKING Spit Poison.
  2500 | D:4      | 2500 ||| INVOKING Spit Poison.
  2506 | D:4      | 2506 ||| READING scroll of enchant armour.
  2506 | D:4      | 2506 ||| ENCHANTING +0 pair of gloves.
  2511 | D:4      | Found a sacrificial altar of Ru.
  2540 | D:4      | 2540 ||| INVOKING Spit Poison.
  2573 | D:4      | 2573 ||| INVOKING Spit Poison.
  2681 | D:4      | 2681 ||| READING scroll labelled NUGAUX CIGI.
  2782 | D:4      | 2782 ||| READING 5 scrolls of identify.
  2782 | D:4      | 2782 ||| IDENTIFYING red potion
  2783 | D:4      | 2783 ||| DROPPING potion of brilliance.
  2803 | D:5      | Entered Level 5 of the Dungeon
  2815 | D:5      | Reached skill level 7 in Ranged Weapons
  2853 | D:5      | Noticed Prince Ribbit
  2855 | D:5      | 2855 ||| INVOKING Spit Poison.
  2859 | D:5      | 2859 ||| INVOKING Spit Poison.
  2863 | D:5      | 2863 ||| INVOKING Spit Poison.
  2864 | D:5      | Killed Prince Ribbit
  2864 | D:5      | Reached * piety under Okawaru
  2865 | D:5      | Reached skill level 3 in Dodging
  2879 | D:5      | 2879 ||| INVOKING Spit Poison.
  2882 | D:5      | 2882 ||| INVOKING Heroism.
  2883 | D:5      | 2883 ||| INVOKING Heroism.
  2884 | D:5      | 2884 ||| INVOKING Spit Poison.
  2890 | D:5      | 2890 ||| INVOKING Spit Poison.
  2894 | D:5      | Reached XP level 8. HP: 59/72 MP: 5/8
  2897 | D:5      | 2897 ||| INVOKING Spit Poison.
  2901 | D:5      | Reached skill level 1 in Invocations
  2907 | D:5      | 2907 ||| FLEEEEING.
  2948 | D:5      | 2948 ||| Stepping ~*~*~tactically~*~*~ (outnumbered).
  2950 | D:5      | 2950 ||| Stepping ~*~*~tactically~*~*~ (outnumbered).
  2951 | D:5      | 2951 ||| INVOKING Spit Poison.
  2958 | D:5      | 2958 ||| INVOKING Spit Poison.
  2963 | D:5      | 2963 ||| INVOKING Spit Poison.
  2974 | D:5      | 2974 ||| INVOKING Spit Poison.
  2978 | D:5      | 2978 ||| INVOKING Heroism.
  2979 | D:5      | 2979 ||| INVOKING Spit Poison.
  2984 | D:5      | 2984 ||| INVOKING Spit Poison.
  3015 | D:5      | 3015 ||| INVOKING Spit Poison.
  3055 | D:5      | Reached skill level 8 in Ranged Weapons
  3112 | D:5      | 3112 ||| INVOKING Spit Poison.
  3129 | D:5      | 3129 ||| INVOKING Spit Poison.
  3145 | D:5      | 3145 ||| INVOKING Spit Poison.
  3149 | D:5      | 3149 ||| INVOKING Spit Poison.
  3228 | D:5      | 3228 ||| Stepping ~*~*~tactically~*~*~ (outnumbered).
  3230 | D:5      | 3230 ||| Stepping ~*~*~tactically~*~*~ (outnumbered).
  3232 | D:5      | 3232 ||| INVOKING Spit Poison.
  3235 | D:5      | 3235 ||| Stepping ~*~*~tactically~*~*~ (outnumbered).
  3238 | D:5      | 3238 ||| INVOKING Spit Poison.
  3245 | D:5      | 3245 ||| INVOKING Spit Poison.
  3248 | D:5      | 3248 ||| INVOKING Spit Poison.
  3254 | D:5      | 3254 ||| INVOKING Spit Poison.
  3328 | D:5      | Found a sparkling altar of Nemelex Xobeh.
  3409 | D:5      | 3409 ||| INVOKING Heroism.
  3430 | D:5      | 3430 ||| INVOKING Heroism.
  3450 | D:5      | Found a staircase to the Ecumenical Temple.
  3459 | D:5      | 3459 ||| INVOKING Spit Poison.
  3463 | D:5      | 3463 ||| INVOKING Spit Poison.
  3468 | D:5      | 3468 ||| INVOKING Spit Poison.
  3471 | D:5      | 3471 ||| INVOKING Spit Poison.
  3475 | D:5      | 3475 ||| INVOKING Spit Poison.
  3476 | D:5      | Reached skill level 3 in Invocations
  3599 | D:5      | 3599 ||| INVOKING Spit Poison.
  3656 | D:5      | 3656 ||| UPGRADING to +0 cloak.
  3661 | D:5      | 3661 ||| UPGRADING to ring of protection from cold.
  3662 | D:5      | 3662 ||| READING scroll labelled AXYKHI JACOPP.
  3663 | D:5      | 3663 ||| READING 8 scrolls of identify.
  3663 | D:5      | 3663 ||| IDENTIFYING dark potion
  3664 | D:5      | 3664 ||| READING 7 scrolls of identify.
  3664 | D:5      | 3664 ||| IDENTIFYING sapphire potion
  3665 | D:5      | 3665 ||| READING 6 scrolls of identify.
  3665 | D:5      | 3665 ||| IDENTIFYING viscous orange potion
  3666 | D:5      | 3666 ||| DROPPING potion of enlightenment.
  3667 | D:5      | 3667 ||| DROPPING potion of berserk rage.
  3698 | D:6      | 3698 ||| INVOKING Spit Poison.
  3702 | D:6      | 3702 ||| INVOKING Spit Poison.
  3715 | D:6      | Noticed Maggie
  3718 | D:6      | 3718 ||| INVOKING Spit Poison.
  3721 | D:6      | 3721 ||| INVOKING Spit Poison.
  3728 | D:6      | 3728 ||| INVOKING Spit Poison.
  3731 | D:6      | 3731 ||| INVOKING Heroism.
  3735 | D:6      | 3735 ||| INVOKING Spit Poison.
  3737 | D:6      | Killed Maggie
  3743 | D:6      | Reached XP level 9. HP: 39/81 MP: 9/12
  3743 | D:6      | 3743 ||| INVOKING Spit Poison.
  3775 | D:6      | 3775 ||| FLEEEEING.
  3776 | D:6      | 3776 ||| STAIRDANCE
  3874 | D:6      | 3874 ||| INVOKING Spit Poison.
  3879 | D:6      | 3879 ||| INVOKING Spit Poison.
  4023 | D:6      | 4023 ||| INVOKING Spit Poison.
  4214 | D:6      | Found a transporter.
  4224 | D:6      | Identified the +12 falchion of the Gloaming {speed, *Noise
                  | rC+ rN+ Str+2}
  4224 | D:6      | Identified the +0 buckler of Omyma {rPois Will- Dex+3}
  4228 | D:6      | Found a transporter.
  4228 | D:6      | Noticed qw's ghost (novice GrFi)
  4358 | D:6      | 4358 ||| INVOKING Spit Poison.
  4515 | D:6      | Reached skill level 9 in Ranged Weapons
  4541 | D:6      | 4541 ||| UPGRADING to +0 steam dragon scales.
  4551 | D:6      | 4551 ||| DROPPING +0 leather armour.
  4552 | D:6      | 4552 ||| READING 5 scrolls of identify.
  4552 | D:6      | 4552 ||| IDENTIFYING green potion
  4608 | D:7      | Found a runed translucent door.
  4611 | D:7      | 4611 ||| INVOKING Spit Poison.
  4615 | D:7      | 4615 ||| INVOKING Spit Poison.
  4623 | D:7      | Found a basalt altar of Yredelemnul.
  4628 | D:7      | 4628 ||| INVOKING Spit Poison.
  4632 | D:7      | 4632 ||| INVOKING Spit Poison.
  4633 | D:7      | 4633 ||| INVOKING Spit Poison.
  4695 | D:7      | Found a white marble altar of Elyvilon.
  4697 | D:7      | 4697 ||| INVOKING Spit Poison.
  4701 | D:7      | 4701 ||| INVOKING Spit Poison.
  4723 | D:7      | 4723 ||| INVOKING Heroism.
  4729 | D:7      | Reached skill level 6 in Fighting
  4763 | D:7      | 4763 ||| INVOKING Spit Poison.
  4775 | D:7      | 4775 ||| INVOKING Spit Poison.
  4781 | D:7      | 4781 ||| INVOKING Spit Poison.
  4788 | D:7      | Reached ** piety under Okawaru
  4801 | D:7      | 4801 ||| INVOKING Heroism.
  4802 | D:7      | 4802 ||| INVOKING Spit Poison.
  4808 | D:7      | 4808 ||| Stepping ~*~*~tactically~*~*~ (outnumbered).
  4811 | D:7      | 4811 ||| INVOKING Spit Poison.
  4819 | D:7      | 4819 ||| INVOKING Heroism.
  4820 | D:7      | 4820 ||| INVOKING Spit Poison.
  4829 | D:7      | 4829 ||| INVOKING Spit Poison.
  4833 | D:7      | 4833 ||| INVOKING Spit Poison.
  4977 | D:7      | Found an ancient bone altar of Kikubaaqudgha.
  5011 | D:7      | 5011 ||| INVOKING Spit Poison.
  5021 | D:7      | Found a blossoming altar of Fedhas.
  5062 | D:7      | Found Koheeraq's Antique Weapon Boutique.
  5070 | D:7      | 5070 ||| BUYING glowing orcbow (149 gold).
  5070 | D:7      | Bought a glowing orcbow for 149 gold pieces
  5070 | D:7      | 5070 ||| SWAPPING to +1 orcbow of freezing.
  5071 | D:7      | 5071 ||| DROPPING +1 shortbow.
  5247 | D:7      | 5247 ||| INVOKING Spit Poison.
  5252 | D:7      | 5252 ||| INVOKING Spit Poison.
  5291 | D:7      | 5291 ||| UPGRADING to +0 leather armour of willpower.
  5301 | D:7      | 5301 ||| READING 5 scrolls of identify.
  5301 | D:7      | 5301 ||| IDENTIFYING metallic blue potion
  5302 | D:7      | 5302 ||| DROPPING potion of degeneration.
  5376 | D:8      | Found a staircase to the Lair.
  5377 | D:8      | 5377 ||| INVOKING Heroism.
  5378 | D:8      | 5378 ||| INVOKING Spit Poison.
  5379 | D:8      | 5379 ||| Stepping ~*~*~tactically~*~*~ (outnumbered).
  5386 | D:8      | Reached skill level 10 in Ranged Weapons
  5386 | D:8      | 5386 ||| INVOKING Spit Poison.
  5390 | D:8      | 5390 ||| INVOKING Spit Poison.
  5391 | D:8      | HP: 14/82 [warg (7)]
  5392 | D:8      | 5392 ||| READING 2 scrolls of teleportation.
  5393 | D:8      | 5393 ||| DRINKING 2 potions of heal wounds.
  5394 | D:8      | 5394 ||| INVOKING Spit Poison.
  5396 | D:8      | Found a shimmering blue altar of Sif Muna.
  5511 | D:8      | 5511 ||| INVOKING Spit Poison.
  5519 | D:8      | 5519 ||| INVOKING Heroism.
  5520 | D:8      | 5520 ||| INVOKING Spit Poison.
  5528 | D:8      | 5528 ||| INVOKING Spit Poison.
  5535 | D:8      | Reached XP level 10. HP: 74/94 MP: 11/13
  5608 | D:8      | 5608 ||| INVOKING Spit Poison.
  5614 | D:8      | 5614 ||| INVOKING Spit Poison.
  5618 | D:8      | 5618 ||| INVOKING Spit Poison.
  5620 | D:8      | 5620 ||| INVOKING Heroism.
  5623 | D:8      | 5623 ||| INVOKING Spit Poison.
  5627 | D:8      | 5627 ||| INVOKING Spit Poison.
  5796 | D:8      | 5796 ||| INVOKING Spit Poison.
  5807 | D:8      | 5807 ||| INVOKING Spit Poison.
  5811 | D:8      | 5811 ||| INVOKING Spit Poison.
  5813 | D:8      | 5813 ||| INVOKING Heroism.
  5884 | D:8      | 5884 ||| INVOKING Spit Poison.
  5910 | D:8      | 5910 ||| INVOKING Heroism.
  5913 | D:8      | 5913 ||| INVOKING Spit Poison.
  5957 | D:8      | 5957 ||| INVOKING Heroism.
  5958 | D:8      | 5958 ||| INVOKING Spit Poison.
  5964 | D:8      | Reached skill level 11 in Ranged Weapons
  5966 | D:8      | 5966 ||| INVOKING Spit Poison.
  6033 | D:8      | Noticed a deep elf pyromancer
  6033 | D:8      | Noticed a tengu warrior
  6033 | D:8      | Noticed a skeletal warrior
  6034 | D:8      | Found a runed translucent door.
  6036 | D:8      | Noticed an orc knight
  6036 | D:8      | Noticed a centaur warrior
  6036 | D:8      | Noticed a seven-headed hydra
  6036 | D:8      | Noticed a white ugly thing
  6079 | D:8      | 6079 ||| INVOKING Spit Poison.
  6167 | D:8      | 6167 ||| INVOKING Spit Poison.
  6603 | D:8      | Found a snail-covered altar of Cheibriados.
  6761 | D:8      | 6761 ||| PLANNING LAIR
  6761 | D:8      | 6761 ||| READING 5 scrolls of identify.
  6761 | D:8      | 6761 ||| IDENTIFYING metallic ruby potion
  6762 | D:8      | 6762 ||| DROPPING potion of invisibility.
  6796 | Lair:1   | Entered Level 1 of the Lair of Beasts
  6955 | Lair:1   | Noticed a cane toad
  6956 | Lair:1   | 6956 ||| INVOKING Heroism.
  6959 | Lair:1   | Killed a cane toad
  6959 | Lair:1   | Noticed a torpor snail
  6961 | Lair:1   | Noticed a death yak
  6963 | Lair:1   | 6963 ||| INVOKING Spit Poison.
  6963 | Lair:1   | Killed a torpor snail
  6972 | Lair:1   | 6972 ||| INVOKING Spit Poison.
  6975 | Lair:1   | Killed a death yak
  7136 | Lair:1   | Reached *** piety under Okawaru
  7220 | Lair:1   | 7220 ||| INVOKING Spit Poison.
  7239 | Lair:1   | 7239 ||| INVOKING Spit Poison.
  7243 | Lair:1   | 7243 ||| INVOKING Spit Poison.
  7291 | Lair:1   | 7291 ||| INVOKING Spit Poison.
  7297 | Lair:1   | 7297 ||| INVOKING Spit Poison.
  7303 | Lair:1   | 7303 ||| INVOKING Spit Poison.
  7309 | Lair:1   | 7309 ||| INVOKING Spit Poison.
  7323 | Lair:1   | 7323 ||| INVOKING Spit Poison.
  7331 | Lair:1   | 7331 ||| INVOKING Spit Poison.
  7337 | Lair:1   | 7337 ||| INVOKING Spit Poison.
  7578 | Lair:1   | 7578 ||| INVOKING Heroism.
  7581 | Lair:1   | 7581 ||| INVOKING Spit Poison.
  7583 | Lair:1   | Reached skill level 12 in Ranged Weapons
  7583 | Lair:1   | Reached XP level 11. HP: 103/103 MP: 11/14
  7605 | Lair:1   | 7605 ||| INVOKING Heroism.
  7640 | Lair:1   | 7640 ||| INVOKING Heroism.
  7647 | Lair:1   | 7647 ||| INVOKING Spit Poison.
  7658 | Lair:1   | 7658 ||| INVOKING Spit Poison.
  7678 | Lair:1   | Found a runed translucent door.
  7726 | Lair:1   | 7726 ||| INVOKING Spit Poison.
  7733 | Lair:1   | 7733 ||| INVOKING Spit Poison.
  7740 | Lair:1   | 7740 ||| INVOKING Spit Poison.
  7745 | Lair:1   | 7745 ||| INVOKING Heroism.
  7747 | Lair:1   | 7747 ||| INVOKING Spit Poison.
  7754 | Lair:1   | 7754 ||| INVOKING Spit Poison.
  7759 | Lair:1   | Reached skill level 13 in Ranged Weapons
  7762 | Lair:1   | 7762 ||| INVOKING Spit Poison.
  8036 | Lair:1   | 8036 ||| INVOKING Spit Poison.
  8041 | Lair:1   | 8041 ||| INVOKING Spit Poison.
  8045 | Lair:1   | 8045 ||| INVOKING Heroism.
  8048 | Lair:1   | 8048 ||| INVOKING Spit Poison.
  8055 | Lair:1   | 8055 ||| INVOKING Spit Poison.
  8055 | Lair:1   | Reached **** piety under Okawaru
  8056 | Lair:1   | Reached skill level 9 in Fighting
  8063 | Lair:1   | 8063 ||| INVOKING Spit Poison.
  8381 | Lair:1   | 8381 ||| READING scroll labelled QEONYG DAFEZ.
  8416 | Lair:2   | Noticed a death yak
  8416 | Lair:2   | Noticed a death yak
  8417 | Lair:2   | 8417 ||| INVOKING Heroism.
  8418 | Lair:2   | 8418 ||| INVOKING Spit Poison.
  8425 | Lair:2   | Noticed a death yak
  8426 | Lair:2   | Noticed a death yak
  8427 | Lair:2   | 8427 ||| INVOKING Spit Poison.
  8427 | Lair:2   | Noticed a death yak
  8428 | Lair:2   | Killed a death yak
  8431 | Lair:2   | 8431 ||| INVOKING Spit Poison.
  8432 | Lair:2   | 8432 ||| STAIRDANCE
  8434 | Lair:1   | 8434 ||| INVOKING Spit Poison.
  8437 | Lair:1   | HP: 26/106 [death yak (4)]
  8437 | Lair:1   | HP: 3/106 [death yak (23)]
  8438 | Lair:1   | 8438 ||| READING 2 scrolls of teleportation.
  8439 | Lair:1   | 8439 ||| DRINKING potion of heal wounds.
  8567 | Lair:1   | 8567 ||| FLEEEEING.
  8568 | Lair:1   | 8568 ||| FLEEEEING.
  8569 | Lair:1   | 8569 ||| STAIRDANCE
  8734 | Lair:1   | 8734 ||| STAIRDANCE
  8736 | D:8      | 8736 ||| INVOKING Heroism.
  8737 | D:8      | 8737 ||| INVOKING Spit Poison.
  8745 | D:8      | 8745 ||| INVOKING Spit Poison.
  8752 | D:8      | 8752 ||| INVOKING Spit Poison.
  8753 | D:8      | HP: 19/106 [death yak (10)]
  8754 | D:8      | 8754 ||| READING scroll of teleportation.
  8755 | D:8      | HP: 9/106 [death yak (11)]
  8756 | D:8      | Killed a death yak
  9116 | Lair:1   | 9116 ||| STAIRDANCE
  9118 | D:8      | 9118 ||| INVOKING Heroism.
  9119 | D:8      | 9119 ||| INVOKING Spit Poison.
  9129 | D:8      | 9129 ||| INVOKING Spit Poison.
  9130 | D:8      | HP: 20/106 [death yak (7)]
  9132 | D:8      | Killed a death yak
  9447 | Lair:2   | 9447 ||| INVOKING Heroism.
  9448 | Lair:2   | 9448 ||| INVOKING Spit Poison.
  9455 | Lair:2   | 9455 ||| STAIRDANCE
  9457 | Lair:1   | 9457 ||| INVOKING Spit Poison.
  9458 | Lair:1   | HP: 17/106 [cane toad (16)]
  9459 | Lair:1   | HP: 8/106 [cane toad (9)]
  9460 | Lair:1   | Demolished by a death yak

Levels and vault maps discovered:
D:1:      dpeg_arrival_castle, layout_basic, serial_shops, shop
D:2:      layout_rooms, serial_rivers, chequers_serial_rivers_micro_c,
          chequers_serial_rivers_micro_c, chequers_serial_rivers_small_3,
          chequers_serial_rivers_room_a, chequers_serial_rivers_micro_a
D:3:      layout_rooms, nicolae_dithmenos_through_a_glass_darkly,
          marbit_many_paths, okawaru_altar_gauntlet_db,
          mainiacjoe_overflow_paths, uniq_grinder
D:4:      layout_basic, mainiacjoe_overflow_boulevard
D:5:      layout_loops_ring, mainiacjoe_overflow_six_doors_small,
          minmay_temple_entry_sparse_star, minmay_bent, uniq_prince_ribbit1
D:6:      layout_rooms, gammafunk_ghost_gnarly_gnolls, corexii_corridor_pit,
          kennysheep_generic_room_13, uniq_maggie
D:7:      layout_basic, lemuel_zombie_altar_kikubaaqudgha,
          fedhas_altar_fruit_tree, dk_yredelemnul_ordeal,
          mainiacjoe_overflow_cross_hatched, serial_shops, shop, st_stairs_11
D:8:      minmay_gate_of_8, layout_loops_corners, slow_altar_2,
          mainiacjoe_overflow_catwalk, erik_lair_orcish_takeover
Lair:1:   gammafunk_indiana_jones, layout_layer_cave, lemuel_fruit_fields
Lair:2:   layout_layer_cave, shoals_dummy_entry, nicolae_snake_entry_squirm,
          st_stairs_12, serial_bayou_crossing

Skill      XL: |  1  2  3  4  5  6  7  8  9 10 11 |
---------------+----------------------------------+-----
Ranged Weapons | 4 6 7 8 10 12 13 | 13.1
Fighting       | 4 5 7 8 9 |  9.0
Dodging        | 3 4 5 |  5.4
Invocations    | 4 5 |  5.2
Armour         | 2 |  2.1
Stealth        | |  1.5

Action                     |  1- 3 |  4- 6 |  7- 9 | 10-12 || total
---------------------------+-------+-------+-------+-------++-------
   Fire: Shortbow          |    83 |    73 |   339 |       ||   495
         Orcbow            |       |       |    36 |   258 ||   294
 Invoke: Heroism           |       |       |    10 |    14 ||    24
Ability: Spit Poison       |    18 |    24 |    70 |    51 ||   163
    Use: Scroll            |     5 |     4 |    10 |     4 ||    23
         Potion            |     1 |       |     1 |     1 ||     3
 Armour: Leather armour    |     6 |    27 |    92 |    75 ||   200
         Skin              |    16 |       |       |       ||    16
         Steam dragon scal |       |       |    21 |       ||    21
  Dodge: Dodged            |     4 |    32 |   149 |   141 ||   326

Table legend:
 A = Non-vault XP
 B = Vault XP
 C = Vault XP percentage of total XP
 D = Non-vault monster count
 E = Vault monster count
 F = Vault count percentage of total count
                 A         B        C        D         E       F
            +---------+---------+-------+---------+---------+-------
      Total |   13926 |    2405 |  14.7 |     184 |      37 |  16.7
            +---------+---------+-------+---------+---------+-------
        D:1 |      29 |       0 |   0.0 |      18 |       0 |   0.0
        D:2 |      24 |       0 |   0.0 |      11 |       0 |   0.0
        D:3 |     121 |     327 |  73.0 |      12 |       8 |  40.0
        D:4 |     223 |       0 |   0.0 |      32 |       0 |   0.0
        D:5 |     521 |     648 |  55.4 |      23 |      10 |  30.3
        D:6 |     631 |     385 |  37.9 |      14 |       1 |   6.7
        D:7 |     783 |     358 |  31.4 |      15 |       9 |  37.5
        D:8 |    3344 |     576 |  14.7 |      27 |       8 |  22.9
     Lair:1 |    7427 |       0 |   0.0 |      31 |       0 |   0.0
     Lair:2 |     823 |     111 |  11.9 |       1 |       1 |  50.0
            +---------+---------+-------+---------+---------+-------
